 Dungeon Crawl Stone Soup version 0.21.0-3-g78d12a8 (webtiles) character file.

8712 toffzen the Grappler (level 11, -12/105 HPs)
             Began as a Troll Transmuter on Jan 17, 2018.
             Was an Elder of Okawaru.
             Mangled by a large slime creature (36 damage)
             ... on level 8 of the Dungeon.
             The game lasted 00:19:31 (8747 turns).

toffzen the Grappler (Troll Transmuter)             Turns: 8747, Time: 00:19:32

Health: -12/105    AC: 10    Str: 21    XL:     11   Next: 13%
Magic:  11/13      EV: 20    Int:  9    God:    Okawaru [****..]
Gold:   455        SH:  0    Dex: 12    Spells: 9/12 levels left

rFire    . . .     SeeInvis .     - Unarmed
rCold    . . .     Gourm    +   (no shield)
rNeg     . . .     Faith    .   b - +0 robe
rPois    .         Spirit   .   (helmet restricted)
rElec    .         Reflect  .   M - +0 cloak
rCorr    .         Harm     .   (gloves unavailable)
MR       .....                  (boots unavailable)
Stlth    +++.......             (no amulet)
HPRegen  0.67/turn              B - +4 ring of evasion
MPRegen  0.13/turn              l - +4 ring of protection

@: heroism
A: large, unfitting armour, claws 3, fast metabolism 3, gourmand, regeneration
1, shaggy fur 1, tough skin 2
a: Heroism, Renounce Religion


You were on level 8 of the Dungeon.
You worshipped Okawaru.
Okawaru was greatly pleased with you.
You were not hungry.

You visited 2 branches of the dungeon, and saw 10 of its levels.
You also visited: Ossuary.

You collected 455 gold pieces.

Inventory:

Hand Weapons
 q - a +0 hunting sling of freezing
Missiles
 a - 73 arrows
 k - 109 sling bullets
 u - 230 stones (quivered)
 A - 8 needles of sleeping
 C - 42 poisoned needles
Armour
 b - a +0 robe (worn)
 M - a +0 cloak (worn)
Magical Staves
 L - an uncursed staff of power {unknown}
Jewellery
 e - an uncursed ring of protection from magic
 l - a +4 ring of protection (right claw)
 w - an uncursed ring of wizardry
 B - a +4 ring of evasion (left claw)
 J - the ring of Iphis {rCorr rC+ Int+5, unknown}
   (You took it off a kobold on level 8 of the Dungeon)

   [ring of resist corrosion]

   It affects your intelligence (+5).
   It protects you from cold.
Wands
 x - a wand of clouds (4)
 D - a wand of digging (12)
 E - a wand of random effects (27)
 O - a wand of acid (7)
Scrolls
 g - a scroll of fog {unknown}
 j - a scroll of fear {unknown}
 o - 2 scrolls of remove curse {unknown}
 p - 2 scrolls of enchant weapon {unknown}
 s - 2 scrolls of blinking
 t - a scroll of random uselessness {unknown}
 y - 4 scrolls of teleportation
 K - a scroll of silence {unknown}
Potions
 f - 2 potions of curing
 h - a potion of brilliance
 i - a potion of might
 m - 3 potions of degeneration
 n - 2 potions of mutation
 r - 2 potions of lignification
 v - a potion of berserk rage
 z - a potion of haste
 F - a potion of resistance {unknown}
 G - 4 potions of agility
 H - 2 potions of flight {unknown}
 I - a potion of magic {unknown}
Books
 c - a book of Changes

   Spells                             Type                      Level
   a - Beastly Appendage              Transmutation                1
   b - Sticks to Snakes               Transmutation                2
   c - Spider Form                    Transmutation/Poison         3
   d - Ice Form                       Ice/Transmutation            4
   e - Blade Hands                    Transmutation                5
Comestibles
 d - 20 rations


   Skills:
 + Level 6.3(11.3) Fighting
 + Level 6.5(11.5) Dodging
 * Level 11.1(16.1) Unarmed Combat
 - Level 1.2 Spellcasting
 - Level 5.5 Transmutations
 + Level 4.1 Invocations


You had 9 spell levels left.
You knew the following spells:

 Your Spells              Type           Power        Failure   Level  Hunger
a - Beastly Appendage     Tmut           ##....       3%          1    ##.....
b - Sticks to Snakes      Tmut           ##......     5%          2    ###....


Dungeon Overview and Level Annotations

Branches:
Dungeon (9/15)             Temple (1/1) D:6
   Lair: D:8-11         Orc: D:9-12

Altars:
Ashenzari
Cheibriados
Dithmenos
Elyvilon
Fedhas
Gozag
Hepliaklqana
Kikubaaqudgha
Makhleb
Okawaru
Qazlal
Ru
Sif Muna
Trog
Uskayaw
Vehumet
Wu Jian
Xom
Yredelemnul
Zin
The Shining One


Innate Abilities, Weirdness & Mutations

You are too large for most types of armour.
You have claws for hands.
Your metabolism is lightning-fast.
You like to eat raw meat.
Your natural rate of healing is unusually fast.
You are covered in fur. (AC +1)
You have very tough skin. (AC +2)


Message History

You claw the large slime creature!
The large slime creature is moderately wounded.
The large slime creature hits you!
You mangle the large slime creature!!
The large slime creature is heavily wounded.
The large slime creature hits you!
You scratch the large slime creature.
The large slime creature is heavily wounded.
The large slime creature hits you!!
You mangle the large slime creature!!
The large slime creature is severely wounded.
You scratch the large slime creature.
The large slime creature is severely wounded.
The large slime creature hits you!
* * * LOW HITPOINT WARNING * * *
You completely miss the large slime creature.
You claw the large slime creature.
The large slime creature is severely wounded.
The large slime creature hits you!!!
You die...

##### ## ....######## ##### #.
..)..)>)...# ##...## #.
###.######.# ##.....## #. #.#
###.##########.......# #. #.#
#.......J@...........# #.
###.####.#.##########.......#####
.........#.# ##...........
..#.###..#.# ##......#### ##..#
#..#.############.###.## #..#
#.................# #.# ##.##
#..##.############# #.# ..##
#..#.#.## #.# ### #...###.## #.#


You could see a large slime creature.

Vanquished Creatures
  3 two-headed ogres (D:8)
  Erica (D:8)
  Maurice (D:8)
  Prince Ribbit (D:8)
  2 slime creatures
  Sigmund (D:3)
  A human (D:8)
  2 hogs (D:8)
  2 yaks (D:8)
  2 orc warriors (D:7)
  A sky beast (D:5)
  A black bear (D:8)
  A phantom (D:5)
  2 necrophages
  An ice beast (D:8)
  4 ogres
  A centaur (D:7)
  A big kobold (D:8)
  5 bullfrogs
  5 water moccasin zombies (Ossuary)
  3 scorpions
  3 wights (D:4)
  11 killer bees
  A centaur zombie (D:5)
  A howler monkey (D:4)
  5 crimson imps
  A jelly (D:5)
  A bullfrog zombie (D:6)
  5 hounds
  2 bullfrog skeletons (D:4)
  5 orc priests
  4 iguanas
  4 orc wizards
  6 worker ants
  3 big kobold zombies (Ossuary)
  The ghost of dscm the Grave Robber, a weakling DsNe (D:4)
  A hound zombie (D:8)
  3 hound skeletons
  3 mummies
  A howler monkey skeleton (D:4)
  A worker ant zombie (D:7)
  8 gnolls
  11 adders
  4 oozes
  6 adder zombies (Ossuary)
  2 worms
  A dart slug (D:1)
  9 leopard geckos
  35 orcs
  4 ball pythons
  5 bats
  2 bat zombies (D:2)
  5 giant cockroaches
  5 gnoll zombies (Ossuary)
  7 goblins
  8 hobgoblins
  13 jackals
  10 kobolds
  A quokka (D:5)
  8 frilled lizards
  2 hobgoblin zombies (Ossuary)
  A jackal skeleton (D:2)
  A kobold zombie (Ossuary)
  A leopard gecko zombie (D:5)
  3 orc zombies (Ossuary)
  9 rats
  2 rat zombies (D:2)
266 creatures vanquished.

Vanquished Creatures (others)
  A sky beast (D:8)
1 creature vanquished.

Grand Total: 267 creatures vanquished

Notes
Turn   | Place    | Note
-------+----------+-------------------------------------------
     0 | D:1      | toffzen the Troll Transmuter began the quest for the Orb.
     0 | D:1      | Reached XP level 1. HP: 18/18 MP: 1/1
    38 | D:1      | Reached skill level 1 in Fighting
    42 | D:1      | Reached XP level 2. HP: 11/27 MP: 2/2
   372 | D:1      | Reached XP level 3. HP: 31/33 MP: 3/3
   626 | D:2      | Found a white marble altar of Elyvilon.
   724 | D:2      | Reached skill level 4 in Unarmed Combat
   783 | D:2      | Reached XP level 4. HP: 40/41 MP: 4/4
   959 | D:2      | Noticed a fire elemental
   960 | D:2      | Found a stormy altar of Qazlal.
   963 | D:2      | Noticed an earth elemental
   963 | D:2      | Noticed a water elemental
   963 | D:2      | Noticed an air elemental
  1005 | D:2      | Found an ancient bone altar of Kikubaaqudgha.
  1305 | D:2      | Reached XP level 5. HP: 45/49 MP: 5/5
  1739 | D:3      | Found a faded altar of an unknown god.
  1797 | D:3      | Found a glowing silver altar of Zin.
  2091 | D:3      | Noticed Sigmund
  2103 | D:3      | Killed Sigmund
  2103 | D:3      | Reached skill level 5 in Unarmed Combat
  2103 | D:3      | Reached XP level 6. HP: 54/59 MP: 6/6
  2230 | D:4      | Reached skill level 6 in Unarmed Combat
  2238 | D:4      | Reached XP level 7. HP: 63/67 MP: 7/7
  2496 | D:4      | Noticed dscm's ghost (weakling DsNe)
  2505 | D:4      | Killed dscm's ghost
  2548 | D:4      | Learned a level 2 spell: Sticks to Snakes
  2811 | D:4      | Reached skill level 7 in Unarmed Combat
  2900 | D:4      | Reached XP level 8. HP: 51/78 MP: 8/8
  3112 | D:4      | Found a shimmering altar of Xom.
  3286 | D:5      | Entered Level 5 of the Dungeon
  3525 | D:5      | Reached skill level 8 in Unarmed Combat
  3833 | D:5      | Found a stormy altar of Qazlal.
  3922 | D:5      | Reached skill level 5 in Dodging
  4626 | D:6      | Reached XP level 9. HP: 78/87 MP: 9/9
  4816 | D:6      | Found a staircase to the Ecumenical Temple.
  4823 | D:6      | Reached skill level 9 in Unarmed Combat
  4834 | Temple   | Entered the Ecumenical Temple
  4925 | Temple   | Became a worshipper of Warmaster Okawaru
  5681 | D:7      | Reached skill level 5 in Fighting
  5681 | D:7      | Reached skill level 1 in Invocations
  5712 | D:7      | Found an opulent altar of Gozag.
  5838 | D:7      | Found a sand-covered staircase.
  5844 | Ossuary  | Entered an ossuary
  6144 | Ossuary  | Reached * piety under Okawaru
  6352 | D:7      | Got a slimy hunting sling
  6353 | D:7      | Identified the +1 hunting sling "Xoot" {flame, Fragile Int+4 Dex+3} (You found it on level 7 of the Dungeon)
  6821 | D:7      | Found a blossoming altar of Fedhas.
  7072 | D:8      | Noticed Prince Ribbit
  7081 | D:8      | Killed Prince Ribbit
  7081 | D:8      | Reached ** piety under Okawaru
  7255 | D:8      | Noticed a two-headed ogre
  7263 | D:8      | Killed a two-headed ogre
  7263 | D:8      | Reached skill level 5 in Transmutations
  7263 | D:8      | Reached XP level 10. HP: 67/96 MP: 7/10
  7312 | D:8      | Got a serpentine copper ring
  7320 | D:8      | Found a deep blue altar of Sif Muna.
  7369 | D:8      | Found a hazy altar of Hepliaklqana.
  7374 | D:8      | Noticed a two-headed ogre
  7383 | D:8      | Killed a two-headed ogre
  7457 | D:8      | Reached skill level 10 in Unarmed Combat
  7631 | D:8      | Reached *** piety under Okawaru
  7717 | D:8      | Noticed Maurice
  7729 | D:8      | Killed Maurice
  8086 | D:8      | Found an ornate altar of the Wu Jian Council.
  8093 | D:8      | Found a hide-covered altar of Uskayaw.
  8206 | D:8      | Found a bloodstained altar of Trog.
  8208 | D:8      | Noticed Erica
  8230 | D:8      | Killed Erica
  8230 | D:8      | Reached **** piety under Okawaru
  8545 | D:9      | Reached XP level 11. HP: 105/105 MP: 9/12
  8548 | D:9      | Noticed a two-headed ogre
  8575 | D:8      | Killed a two-headed ogre
  8575 | D:8      | Reached skill level 11 in Unarmed Combat
  8747 | D:8      | Mangled by a large slime creature

Skill      XL: |  1  2  3  4  5  6  7  8  9 10 11 |
---------------+----------------------------------+-----
Fighting       | 1 2 3 4 5 6 |  6.3
Dodging        | 2 3 4 5 6 |  6.5
Unarmed Combat | 4 5 6 7 8 9 10 11 | 11.1
Invocations    | 2 3 4 |  4.1
Transmutations | 5 |  5.5
Spellcasting   | |  1.2

Action                   |  1- 3 |  4- 6 |  7- 9 | 10-12 || total
-------------------------+-------+-------+-------+-------++-------
Melee: Unarmed           |   118 |   157 |   475 |   103 ||   853
       Punch             |       |     2 |    25 |    11 ||    38
Throw: Stone             |       |       |     5 |       ||     5
Invok: Heroism           |       |       |     4 |    10 ||    14
  Use: Scroll            |       |     3 |     9 |       ||    12
       Potion            |       |     2 |     2 |     1 ||     5
 Stab: Sleeping          |     1 |     3 |     2 |       ||     6
  Eat: Chunk             |    13 |    12 |    47 |     9 ||    81
Armor: Robe              |    59 |    55 |    98 |    18 ||   230
Dodge: Dodged            |    64 |    67 |   219 |    74 ||   424
